MLB
LOS ANGELES ANGELS @ OAKLAND ATHLETICS
03/09/2099
 
TOP OF THE 1ST
Los Angeles Angels batting - Pitching for Oakland Athletics : LHP Brendon Howell
Pitching: LHP Brendon Howell
Batting: RHB Matthew Allen 0-0: Ball
1-0: Called Strike
1-1: Swinging Strike
1-2: Strikes out swinging
Batting: RHB Juan Cruz 0-0: Ground out 6-3 (Groundball, 6S, EV 83.8 MPH)
Batting: LHB Matt Evans 0-0: Called Strike
0-1: Foul Ball, location: 9LSF
0-2: Ball
1-2: Strikes out looking
Top of the 1st over - 0 runs, 0 hits, 0 errors, 0 left on base; Los Angeles 0 - Oakland 0
BOTTOM OF THE 1ST
Oakland Athletics batting - Pitching for Los Angeles Angels : RHP Nick Dixon
Pitching: RHP Nick Dixon
Batting: LHB Ryan Tipton 0-0: Foul Ball, location: 2F
0-1: Ground out U3 (Groundball, 34S, EV 83.1 MPH)
Batting: RHB Joey George 0-0: Swinging Strike
0-1: Ball
1-1: SINGLE (Groundball, 4MD, EV 108.8 MPH)
Batting: LHB Pat Wilson 0-0: Called Strike
0-1: Foul Ball, location: 7LSF
0-2: Grounds into double play, 4-6-3 (Groundball, 4M, EV 106.9 MPH)
Bottom of the 1st over - 0 runs, 1 hit, 0 errors, 0 left on base; Los Angeles 0 - Oakland 0
TOP OF THE 2ND
Los Angeles Angels batting - Pitching for Oakland Athletics : LHP Brendon Howell
Batting: RHB Edgar Pirir 0-0: Ball
1-0: Foul Ball, location: 2F
1-1: Swinging Strike
1-2: Strikes out looking
Batting: LHB Trevor Martz 0-0: Ball
1-0: Ball
2-0: Foul Ball, location: 23F
2-1: Ball
3-1: Called Strike
3-2: Fly out, F7 (Line Drive, 7, EV 103.1 MPH)
Batting: RHB Fethi Yazîcîzâde 0-0: Called Strike
0-1: Called Strike
0-2: Ball
1-2: Strikes out swinging
Top of the 2nd over - 0 runs, 0 hits, 0 errors, 0 left on base; Los Angeles 0 - Oakland 0
BOTTOM OF THE 2ND
Oakland Athletics batting - Pitching for Los Angeles Angels : RHP Nick Dixon
Pitching: RHP John Brooke
Batting: LHB Ivan Suarez 0-0: Called Strike
0-1: Ball
1-1: Fly out, F4 (Popup, 23, EV 91.3 MPH)
Batting: RHB Randy Fowler 0-0: Called Strike
0-1: Foul Ball, location: 9LMF
0-2: Ball
1-2: Foul Ball, location: 2F
1-2: Ball
2-2: Foul Ball, location: 23F
2-2: Ball
3-2: Base on Balls
Batting: RHB Ben Celeste 0-0: Called Strike
0-1: Swinging Strike
0-2: Ball
1-2: Strikes out looking
Batting: RHB David Reichel 0-0: Called Strike
0-1: Fly out, F8 (Flyball, 89S, EV 97.5 MPH)
Bottom of the 2nd over - 0 runs, 0 hits, 0 errors, 1 left on base; Los Angeles 0 - Oakland 0
TOP OF THE 3RD
Los Angeles Angels batting - Pitching for Oakland Athletics : LHP Brendon Howell
Batting: LHB Ramon Bermudez 0-0: Ball
1-0: Fly out, F8 (Line Drive, 78M, EV 91.9 MPH)
Batting: RHB David Whitehead 0-0: SINGLE (Line Drive, 8LS, EV 87.5 MPH)
Batting: SHB Justin Williams 0-0: Called Strike
0-1: Ball
1-1: Grounds into double play, 4-6-3 (Groundball, 4, EV 82.5 MPH)
Top of the 3rd over - 0 runs, 1 hit, 0 errors, 0 left on base; Los Angeles 0 - Oakland 0
BOTTOM OF THE 3RD
Oakland Athletics batting - Pitching for Los Angeles Angels : RHP John Brooke
Batting: RHB Corey Springer 0-0: Ball
1-0: Called Strike
1-1: Ball
2-1: Swinging Strike
2-2: Ball
3-2: Strikes out swinging
Batting: RHB Tom Karr 0-0: Ball
1-0: Ground out 6-3 (Groundball, 6, EV 100.0 MPH)
Batting: LHB Ryan Tipton 0-0: Ball
1-0: Called Strike
1-1: Ball
2-1: Ball
3-1: Base on Balls
Pitching: LHP Mike Fife
Batting: RHB Joey George 0-0: Called Strike
0-1: Ball
1-1: Called Strike
Ryan Tipton steals 2nd base
1-2: Ball
2-2: Ground out 1-3 (Groundball, 13S, EV 70.6 MPH)
Bottom of the 3rd over - 0 runs, 0 hits, 0 errors, 1 left on base; Los Angeles 0 - Oakland 0
TOP OF THE 4TH
Los Angeles Angels batting - Pitching for Oakland Athletics : LHP Brendon Howell
Batting: RHB Matthew Allen 0-0: Ball
1-0: Fly out, F9 (Line Drive, 9LM, EV 98.1 MPH)
Batting: RHB Juan Cruz 0-0: Ball
1-0: Foul Ball, location: 9LMF
1-1: Swinging Strike
1-2: Strikes out swinging
Batting: LHB Matt Evans 0-0: Ball
1-0: Swinging Strike
1-1: Ball
2-1: Foul Ball, location: 2F
2-2: Ball
3-2: Ground out 6-3 (Groundball, 6M, EV 109.4 MPH)
Top of the 4th over - 0 runs, 0 hits, 0 errors, 0 left on base; Los Angeles 0 - Oakland 0
BOTTOM OF THE 4TH
Oakland Athletics batting - Pitching for Los Angeles Angels : LHP Mike Fife
Pitching: LHP Juan Montes
Batting: LHB Pat Wilson 0-0: Ground out 1-3 (Groundball, 34S, EV 73.8 MPH)
Batting: LHB Ivan Suarez 0-0: Ball
1-0: Swinging Strike
1-1: Ball
2-1: Foul Ball, location: 7LSF
2-2: SINGLE (Line Drive, 6MD, EV 97.5 MPH)
Batting: RHB Randy Fowler 0-0: Ball
1-0: Ball
2-0: Called Strike
2-1: Called Strike
2-2: Ball
3-2: Ground out 4-3 (Groundball, 4, EV 110.0 MPH)
Ivan Suarez to second
Batting: RHB Ben Celeste 0-0: Ball
1-0: Foul Ball, location: 9LDF
1-1: TRIPLE (Line Drive, 89XD, EV 100.6 MPH)
Ivan Suarez scores
Batting: RHB David Reichel 0-0: Ball
1-0: Ball
2-0: Called Strike
2-1: Called Strike
2-2: Strikes out swinging
Bottom of the 4th over - 1 run, 2 hits, 0 errors, 1 left on base; Los Angeles 0 - Oakland 1
TOP OF THE 5TH
Los Angeles Angels batting - Pitching for Oakland Athletics : LHP Brendon Howell
Now at 1B: Chris West
Now at 3B: Aaron Champion
Now at SS: Tom Karr
Now in LF: Billy Stengel
Batting: RHB Edgar Pirir 0-0: Ball
1-0: Called Strike
1-1: Ball
2-1: Ball
3-1: SOLO HOME RUN (Flyball, 7D, EV 100.0 MPH), Distance : 406 ft
Batting: LHB Trevor Martz 0-0: Hit by Pitch, AND HE CHARGES THE MOUND! The benches clear!
Pitching: RHP Steven Cadmus
Pinch Runner at 1st Justin Manns:
Batting: RHB Fethi Yazîcîzâde 0-0: Ball
1-0: Ball
2-0: Called Strike
Justin Manns steals 2nd base
2-1: Ball
3-1: Fly out, F9 (Flyball, 89XD, EV 103.8 MPH)
Runner from 2nd tags up, SAFE at 3rd, no throw by RF
Batting: LHB Ramon Bermudez 0-0: Ball
1-0: Ball
2-0: Ball
3-0: Called Strike
3-1: DOUBLE (Flyball, 78D, EV 97.5 MPH)
Justin Manns scores
Batting: RHB David Whitehead 0-0: Ball
1-0: Called Strike
1-1: Foul Ball, location: 3F
1-2: Foul Ball, location: 2F
1-2: Ball
2-2: Ball
3-2: SINGLE (Line Drive, 8RS, EV 103.8 MPH)
Ramon Bermudez to third
Batting: SHB Justin Williams 0-0: SINGLE (Line Drive, 56D, EV 96.9 MPH)
Ramon Bermudez scores
David Whitehead to second
Batting: RHB Matthew Allen 0-0: Foul Ball, location: 7LMF
0-1: Foul Ball, location: 5FF
0-2: Foul Ball, location: 9LSF
0-2: Ball
1-2: Ball
2-2: Grounds into double play, 6-4-3 (Groundball, 6S, EV 85.0 MPH)
Top of the 5th over - 3 runs, 4 hits, 0 errors, 1 left on base; Los Angeles 3 - Oakland 1
BOTTOM OF THE 5TH
Oakland Athletics batting - Pitching for Los Angeles Angels : LHP Juan Montes
Pitching: RHP Randy Lamb
Now in LF: Tim Zirkle
Now in CF: Ricky Sisneros
Batting: RHB Corey Springer 0-0: Fly out, F7 (Flyball, 7, EV 78.8 MPH)
Batting: RHB Tom Karr 0-0: Called Strike
0-1: Ball
1-1: Swinging Strike
1-2: Strikes out swinging
Batting: LHB Ryan Tipton 0-0: Ball
1-0: Ball
2-0: Ball
3-0: Base on Balls
Batting: LHB Chris West 0-0: Ball
1-0: Called Strike
1-1: Foul Ball, location: 7LMF
1-2: Strikes out looking
Bottom of the 5th over - 0 runs, 0 hits, 0 errors, 1 left on base; Los Angeles 3 - Oakland 1
TOP OF THE 6TH
Los Angeles Angels batting - Pitching for Oakland Athletics : RHP Steven Cadmus
Pitching: LHP Dana Joseph
Now in RF: Kyle O'Connor
Pinch Hitting: RHB Nicolas Montecino 0-0: Swinging Strike
0-1: Swinging Strike
0-2: Strikes out swinging
Pinch Hitting: RHB Nick Kirks 0-0: Ball
1-0: Foul Ball, location: 7LSFF
1-1: Ball
2-1: Foul Ball, location: 2F
2-2: Foul Ball, location: 2F
2-2: Ball
3-2: Ground out 5-3 (Groundball, 56, EV 107.5 MPH)
Batting: LHB Jim Matthews 0-0: Ball
1-0: SINGLE (Groundball, 4MD, EV 105.0 MPH)
Batting: LHB Ricky Sisneros 0-0: Ground out 4-3 (Groundball, 34, EV 81.9 MPH)
Top of the 6th over - 0 runs, 1 hit, 0 errors, 1 left on base; Los Angeles 3 - Oakland 1
BOTTOM OF THE 6TH
Oakland Athletics batting - Pitching for Los Angeles Angels : RHP Randy Lamb
Pitching: RHP Todd Bristcoe
Now at C: Matt Davis
Now at 1B: Jimmy Powell
Now at 2B: Justin Williams
Now at 3B: Ross Chambers
Now at SS: Nicolas Montecino
Batting: LHB Billy Stengel 0-0: Fly out, F7 (Flyball, 78D, EV 95.0 MPH)
Batting: SHB John Gilley 0-0: Called Strike
0-1: SINGLE (Line Drive, 9S, EV 103.1 MPH)
Batting: RHB Randy Fowler 0-0: Ball
1-0: Ball
John Gilley steals 2nd base
2-0: Ball
3-0: Called Strike
3-1: Base on Balls
Pinch Hitting: LHB Steve Witmer 0-0: Ball
1-0: Swinging Strike
1-1: Called Strike
1-2: Ball
2-2: Foul Ball, location: 5F
2-2: Ball
3-2: Fly out, F7 (Line Drive, 7, EV 100.6 MPH)
Batting: SHB Aaron Champion 0-0: Called Strike
0-1: Swinging Strike
0-2: Ball
1-2: Ball
2-2: Strikes out swinging
Bottom of the 6th over - 0 runs, 1 hit, 0 errors, 2 left on base; Los Angeles 3 - Oakland 1
TOP OF THE 7TH
Los Angeles Angels batting - Pitching for Oakland Athletics : LHP Dana Joseph
Pitching: RHP John Thrailkill
Now in LF: Steve Witmer
Now in CF: Billy Stengel
Batting: RHB Jimmy Powell 0-0: Ball
1-0: Foul Ball, location: 9LMF
1-1: Ball
2-1: Foul Ball, location: 7LDF
2-2: Ball
3-2: Ground out 6-3 (Groundball, 6, EV 86.3 MPH)
Pinch Hitting: LHB Roger Adkins 0-0: Ball
1-0: Ball
2-0: Called Strike
2-1: Swinging Strike
2-2: Foul Ball, location: 7LDF
2-2: Foul Ball, location: 5F
2-2: Hit by Pitch
Batting: LHB Matt Davis 0-0: Ball
1-0: Swinging Strike
1-1: Grounds into double play, 2-4-3 (Groundball, 2L, EV 72.5 MPH)
Top of the 7th over - 0 runs, 0 hits, 0 errors, 0 left on base; Los Angeles 3 - Oakland 1
BOTTOM OF THE 7TH
Oakland Athletics batting - Pitching for Los Angeles Angels : RHP Todd Bristcoe
Pitching: RHP Chris Kirby
Now in LF: Roger Adkins
Now in RF: Tim Zirkle
Batting: RHB Corey Springer 0-0: Ball
1-0: Ball
2-0: Foul Ball, location: 9LSF
2-1: Ground out 6-3 (Groundball, 6, EV 90.0 MPH)
Batting: RHB Tom Karr 0-0: DOUBLE (Line Drive, 7LD, EV 108.1 MPH)
Batting: LHB Kyle O'Connor 0-0: Ball
1-0: Foul Ball, location: 23FF
1-1: Called Strike
1-2: Ball
2-2: Fly out, F8 (Flyball, 8RS, EV 90.6 MPH)
Pitching: LHP David Soriano
Batting: LHB Chris West 0-0: Called Strike
0-1: Reached on error, E5 (Groundball, 56S, EV 93.1 MPH)
Tom Karr to third
Pinch Hitting: RHB Greg Horst 0-0: Ball
1-0: Ball
2-0: Called Strike
2-1: Fly out, F9 (Flyball, 89M, EV 98.1 MPH)
Bottom of the 7th over - 0 runs, 1 hit, 1 error, 2 left on base; Los Angeles 3 - Oakland 1
TOP OF THE 8TH
Los Angeles Angels batting - Pitching for Oakland Athletics : RHP John Thrailkill
Pitching: RHP George Lynch
Now in CF: Kyle O'Connor
Now in RF: Greg Horst
Batting: SHB Justin Williams 0-0: Ball
1-0: Ball
2-0: Ground out 4-3 (Groundball, 4, EV 90.0 MPH)
Batting: RHB Tim Zirkle 0-0: Ball
1-0: Ball
2-0: Called Strike
2-1: Fly out, F7 (Flyball, 7D, EV 100.6 MPH)
Batting: RHB Nicolas Montecino 0-0: Fly out, F8 (Flyball, 8LD, EV 104.4 MPH)
Top of the 8th over - 0 runs, 0 hits, 0 errors, 0 left on base; Los Angeles 3 - Oakland 1
BOTTOM OF THE 8TH
Oakland Athletics batting - Pitching for Los Angeles Angels : LHP David Soriano
Pitching: RHP Casey Collins
Batting: SHB John Gilley 0-0: Ball
1-0: Called Strike
1-1: Ball
2-1: Ball
3-1: Base on Balls
Batting: RHB Randy Fowler 0-0: Ball
1-0: Ball
2-0: Swinging Strike
2-1: Called Strike
2-2: Ball
3-2: Strikes out swinging
Batting: LHB Steve Witmer 0-0: Ball
1-0: Foul Ball, location: 25FF
1-1: Grounds into double play, 6-4-3 (Groundball, 6, EV 106.9 MPH)
Bottom of the 8th over - 0 runs, 0 hits, 0 errors, 0 left on base; Los Angeles 3 - Oakland 1
TOP OF THE 9TH
Los Angeles Angels batting - Pitching for Oakland Athletics : RHP George Lynch
Pitching: RHP Ken Iddiols
Batting: SHB Ross Chambers 0-0: Ball
1-0: Ball
2-0: Ball
3-0: Called Strike
3-1: Called Strike
3-2: Strikes out swinging
Batting: LHB Jim Matthews 0-0: Called Strike
0-1: Ball
1-1: SINGLE (Line Drive, 78S, EV 95.6 MPH)
Batting: LHB Ricky Sisneros 0-0: Ball
1-0: Foul Ball, location: 7LDF
1-1: Foul Ball, location: 7LSF
1-2: Strikes out looking
Batting: RHB Jimmy Powell 0-0: Ball
1-0: Fly out, F9 (Flyball, 89D, EV 100.6 MPH)
Top of the 9th over - 0 runs, 1 hit, 0 errors, 1 left on base; Los Angeles 3 - Oakland 1
BOTTOM OF THE 9TH
Oakland Athletics batting - Pitching for Los Angeles Angels : RHP Casey Collins
Pitching: RHP Zack Lawler
Batting: SHB Aaron Champion 0-0: Called Strike
0-1: Ground out 3-1 (Groundball, 34, EV 90.0 MPH)
Pinch Hitting: LHB Gene Del Vecchio 0-0: Ball
1-0: Ball
2-0: Ball
3-0: Base on Balls
Batting: RHB Tom Karr 0-0: Fly out, F4 (Popup, 3DF, EV 63.1 MPH)
Batting: LHB Kyle O'Connor 0-0: Called Strike
0-1: Ball
1-1: Ball
2-1: Foul Ball, location: 25F
2-2: SINGLE (Line Drive, 6MD, EV 106.3 MPH)
Gene Del Vecchio to second
Batting: LHB Chris West 0-0: Ball
1-0: DOUBLE (Line Drive, 7LM, EV 97.5 MPH)
Gene Del Vecchio scores
Kyle O'Connor to third
Runner from 3rd tries for Home, throw by LF and OUT! 7-6-2
Bottom of the 9th over - 1 run, 2 hits, 0 errors, 1 left on base; Los Angeles 3 - Oakland 2
Sunday, April 28th , 2024 - OOTP Baseball 24.11 Build 85